 Dungeon Crawl Stone Soup version 0.20-a0-550-gf70bbbc (webtiles) character file.

152311 Klosterheim the Peltast (level 17, -12/161 HPs)
             Began as a Minotaur Fighter on Feb 2, 2017.
             Was the Champion of Okawaru.
             Mangled by a nine-headed hydra (13 damage)
             ... on level 4 of the Swamp.
             The game lasted 01:11:16 (30185 turns).

Klosterheim the Peltast (Minotaur Fighter)         Turns: 30185, Time: 01:11:16

Health: -12/161    AC: 35    Str: 28    XL:     17   Next: 2%
Magic:  20/20      EV:  5    Int:  5    God:    Okawaru [******]
Gold:   2183       SH: 23    Dex: 13    Spells: 16/16 levels left

rFire    + . .     SeeInvis +   x - +4 broad axe (vamp)
rCold    + . .     Gourm    .   c - +5 crystal plate armour
rNeg     . . .     Faith    .   V - +0 large shield {rF+}
rPois    +         Spirit   .   P - +1 hat {SInv}
rElec    +         Reflect  .   K - +0 cloak {+Inv}
rCorr    .         Harm     +   F - +0 pair of gloves
MR       +....                  (no boots)
Stlth    ..........             k - amulet of harm
Regen    0.4/turn               Y - ring of Mistrust {rElec rC+ Dex+3}
                                X - ring of flight

@: about to teleport
A: retaliatory headbutt, horns 2, low mp 1, poison resistance, electricity
resistance, subdued magic 1
a: Heroism, Finesse, Renounce Religion, Evoke Invisibility, Evoke Flight


You were on level 4 of the Swamp.
You worshipped Okawaru.
Okawaru was exalted by your worship.
You were hungry.

You visited 5 branches of the dungeon, and saw 28 of its levels.
You visited the Abyss 1 time.
You also visited: Ossuary.

You collected 2493 gold pieces.
You spent 310 gold pieces at shops.

Inventory:

Hand Weapons
 x - a +4 vampiric broad axe (weapon)
Armour
 c - a +5 crystal plate armour (worn)
 q - a +2 cloak
 D - a +2 large shield
 F - a +0 pair of gloves (worn)
 K - a +0 cloak of invisibility (worn)
 P - a +1 hat of see invisible (worn)
 V - a +0 large shield of fire resistance (worn)
Jewellery
 b - an uncursed ring of protection from fire
 g - an uncursed ring of resist corrosion
 k - an amulet of harm (around neck)
 X - a ring of flight (left hand)
 Y - the ring of Mistrust (right hand) {rElec rC+ Dex+3}
   (You found it on level 6 of the Lair of Beasts)

   [ring of dexterity]

   It affects your dexterity (+3).
   It protects you from cold.
   It insulates you from electricity.
Wands
 j - a wand of disintegration (12/24)
 L - a wand of digging (16/24)
 W - a wand of digging (11/24)
Scrolls
 e - a scroll of torment {unknown}
 i - a scroll of holy word
 r - 11 scrolls of teleportation
 s - 8 scrolls of remove curse
 u - 4 scrolls of magic mapping
 y - 2 scrolls of recharging
 z - 2 scrolls of blinking
 A - 2 scrolls of fear
 G - 6 scrolls of identify
 O - a scroll of enchant armour
 R - a scroll of brand weapon
 T - 3 scrolls of enchant weapon
 U - 6 scrolls of fog
 Z - a scroll of summoning
Potions
 d - 5 potions of cancellation
 f - 2 potions of mutation
 m - 3 potions of flight
 n - 3 potions of haste
 o - 2 potions of invisibility
 p - 7 potions of lignification
 v - a potion of heal wounds
 w - 8 potions of curing
 B - 2 potions of agility
 C - 7 potions of might
 J - a potion of ambrosia
 Q - 3 potions of cure mutation
 S - 3 potions of berserk rage
Books
 t - a book of Power

   Spells                             Type                      Level
   a - Fulminant Prism                Conjuration/Hexes            4
   b - Iskenderun's Mystic Blast      Conjuration                  4
   c - Venom Bolt                     Conjuration/Poison           5
   d - Bolt of Magma                  Conjuration/Fire/Earth       5
   e - Iron Shot                      Conjuration/Earth            6
   f - Orb of Destruction             Conjuration                  7
   g - Spellforged Servitor           Conjuration/Summoning        7
 E - a book of Minor Magic

   Spells                             Type                      Level
   a - Magic Dart                     Conjuration                  1
   b - Blink                          Translocation                2
   c - Call Imp                       Summoning                    2
   d - Repel Missiles                 Charms/Air                   2
   e - Slow                           Hexes                        2
   f - Conjure Flame                  Conjuration/Fire             3
   g - Mephitic Cloud                 Conjuration/Poison/Air       3
 H - a book of Battle

   Spells                             Type                      Level
   a - Infusion                       Charms                       1
   b - Shroud of Golubria             Charms/Translocation         2
   c - Song of Slaying                Charms                       2
   d - Spectral Weapon                Hexes/Charms                 3
   e - Regeneration                   Charms/Necromancy            3
Miscellaneous
 a - a fan of gales
 h - a lightning rod (4/4)
Comestibles
 l - 10 meat rations
 I - 10 bread rations
 M - 10 royal jellies
 N - 4 fruits


   Skills:
 - Level 17.0 Fighting
 - Level 14.2 Axes
 + Level 18.5 Armour
 + Level 18.6 Shields
 - Level 9.5 Invocations
 * Level 1.7 Evocations


You had 16 spell levels left.
You didn't know any spells.

Dungeon Overview and Level Annotations

Branches:
Dungeon (15/15)            Temple (1/1) D:5            Lair (6/6) D:10
  Swamp (4/4) Lair:4        Snake (0/4) Lair:2        Slime (0/5) Lair:6
    Orc (2/2) D:9             Elf (0/3) Orc:2        Vaults (0/5) D:13
 Depths (0/5) D:15

Altars:
Ashenzari
Cheibriados
Fedhas
Gozag
Kikubaaqudgha
Makhleb
Nemelex Xobeh
Okawaru
Qazlal
Trog
Uskayaw
Vehumet
Xom
Yredelemnul
The Shining One
Beogh
Jiyva

Shops:
D:6 (   D:8 !   D:12 ?   D:13 (   Orc:2 [(%[


Innate Abilities, Weirdness & Mutations

You reflexively headbutt those who attack you in melee.
You have a pair of horns on your head.
Your magical capacity is low. (-10% MP)
Your system is resistant to poisons. (rPois)
You are resistant to electric shocks. (rElec)
Your spells are a little easier to cast, but a little less powerful.


Message History

The nine-headed hydra bites you.
* * * LOW HITPOINT WARNING * * *
As you read the scroll of teleportation, it crumbles to dust.
You feel strangely unstable. The seven-headed hydra bites you!
* * * LOW HITPOINT WARNING * * *
You block the seven-headed hydra's attack.
The seven-headed hydra bites you but does no damage.
You block the seven-headed hydra's attack. x3
The seven-headed hydra bites you but does no damage.
The nine-headed hydra barely misses you.
You furiously retaliate!
You headbutt the nine-headed hydra.
The nine-headed hydra bites you but does no damage.
The nine-headed hydra bites you!
* * * LOW HITPOINT WARNING * * *
The nine-headed hydra bites you!
* * * LOW HITPOINT WARNING * * *
The nine-headed hydra bites you!
* * * LOW HITPOINT WARNING * * *
The nine-headed hydra bites you!
You die...

♣≈♣♣♣♣≈.≈≈≈...≈≈.≈≈§≈....≈≈
♣♣≈≈≈≈.≈≈≈≈≈≈§≈.§.≈≈≈≈≈≈..≈≈
♣.<≈≈≈≈≈≈≈≈§))♣♣♣§≈≈≈≈≈≈..≈≈
♣≈≈≈≈≈≈§≈≈≈≈.♣♣ ♣♣≈.≈≈≈≈≈≈≈≈
♣♣..≈≈≈....≈..♣ ♣♣♣.≈≈≈≈≈D≈
♣♣♣...≈≈≈....≈≈.♣♣ ♣.≈i≈≈§≈≈
♣♣.♣.≈≈≈≈≈§≈≈...≈.♣
♣..≈≈≈≈≈≈
♣...≈≈.≈♣♣.♣≈.♣DD♣♣
♣.?.≈≈≈≈≈
♣♣≈....♣..♣.♣♣≈≈@≈♣
♣...≈....
♣.....≈♣♣≈♣.♣♣≈♣≈.♣
♣♣≈......
♣.≈.♣..♣♣♣♣.♣♣♣♣...≈
♣♣♣.≈≈♣. .††.♣♣....♣.♣
..♣♣≈≈. ♣♣♣♣♣♣ ≈%≈≈≈♣♣♣♣.♣
♣♣♣♣ ≈≈.♣ .♣♣.♣♣ ♣.♣ ≈.≈≈
♣♣♣♣♣ ♣.♣ ≈≈♣ ♣♣♣♣ ♣.♣ ♣♣♣♣♣
♣♣.♣♣♣ ♣.♣.♣ ♣♣≈..♣


You could see a nine-headed hydra and a seven-headed hydra.

Vanquished Creatures
  Saint Roka (Orc:2)
  An Executioner (Abyss:2)
  A tentacled starspawn (Abyss:2)
  Gastronok (D:10)
  Donald (Swamp:4)
  The ghost of Graouh the Fencer, a journeyman MiFi of Okawaru (Lair:6)
  A fire giant (D:15)
  2 orc warlords (Orc:2)
  Louise (Swamp:1)
  A stone giant (Orc:2)
  The ghost of Vajrapani the Summoner, a journeyman DESu of Ashenzari (Lair:6)
  Josephine (D:15)
  The ghost of Rhoefr the Unseen, a journeyman OpAs of Gozag (Lair:3)
  15 hydras
  Erolcha (D:9)
  8 vault guards (D:13)
  3 alligators
  3 ghost crabs
  A merfolk avatar (Lair:6)
  7 two-headed ogres
  2 centaur warriors
  A queen ant (Lair:2)
  A tengu warrior (D:14)
  A shock serpent (D:12)
  2 orc high priests (Orc:2)
  A thrashing horror (Abyss:2)
  Nergalle (D:11)
  5 spriggans
  A wretched star (Abyss:2)
  2 sixfirhies
  4 spriggan druids
  5 large abominations (Abyss:2)
  2 unseen horrors (D:12)
  A sea snake (Lair:6)
  A wizard (D:9)
  2 shambling mangroves
  A lindwurm (Lair:5)
  8 swamp dragons
  2 wolf spider zombies (D:15)
  6 orc knights
  A deep elf mage (D:13)
  A harpy (Lair:6)
  2 ugly things
  3 cyclopes
  A worldbinder (Abyss:2)
  3 orc sorcerers (Orc:2)
  An oklob plant (Lair:5)
  17 elephants
  2 centaur zombies
  Maurice (Orc:2)
  3 manticores
  Psyche (D:9)
  4 black mambas
  A smoke demon (Abyss:2)
  A gargoyle (D:13)
  18 spiny frogs
  13 komodo dragons
  6 rime drakes
  The ghost of anet the Magician, a novice DEWz (D:5)
  An ancient zyme (Abyss:2)
  9 trolls
  19 hornets
  5 polar bears (Lair:6)
  5 tyrant leeches
  11 hippogriffs
  A wind drake (Lair:6)
  7 bog bodies
  9 slime creatures
  8 blink frogs
  17 raiju
  6 dream sheep
  2 shadows
  42 yaks
  7 wraiths
  A centaur simulacrum (D:15)
  3 hogs (D:9)
  3 wyverns
  Grum (D:8)
  4 basilisks
  A vampire (D:14)
  4 hungry ghosts
  24 vampire mosquitoes
  A human (D:9)
  A neqoxec (Abyss:2)
  15 insubstantial wisps
  4 wargs
  3 acid dragons
  15 swamp worms
  17 water moccasins
  7 soldier ants
  A meliai simulacrum (D:14)
  8 porcupines
  7 sky beasts
  4 ice beasts
  53 orc warriors
  3 black bears
  An eye of draining (D:13)
  6 swamp drakes
  4 phantoms
  26 wolves
  7 boggarts
  14 ogres
  16 centaurs
  18 crocodiles
  An elf zombie (D:7)
  A big kobold (D:11)
  13 bullfrogs
  3 elf skeletons (D:7)
  A small abomination (Abyss:2)
  A wyvern zombie (D:11)
  A wyvern skeleton (D:14)
  5 scorpions
  10 killer bees
  5 wights (D:14)
  An electric eel (Lair:4)
  A howler monkey (D:11)
  7 crimson imps
  A wyvern simulacrum (D:13)
  8 jellies
  2 quasits
  25 orc priests
  7 hounds
  Crazy Yiuf (D:2)
  6 centaur skeletons
  Jessica (D:2)
  2 bullfrog skeletons
  A gnoll shaman (D:8)
  2 iguanas
  37 orc wizards
  A human skeleton (D:7)
  24 worker ants
  A hound zombie (D:8)
  3 hound skeletons
  13 mummies (Ossuary)
  A howler monkey zombie (D:8)
  A worker ant zombie (D:6)
  2 howler monkey skeletons
  11 adders
  13 gnolls
  3 shadow imps
  An ufetubus (Abyss:2)
  An ooze (D:2)
  An adder zombie (D:7)
  2 worms
  3 dart slugs
  7 leopard geckos
  129 orcs
  3 giant cockroaches
  5 goblins
  3 hobgoblins
  4 jackals (D:4)
  4 quokkas
  3 bats
  9 frilled lizards
  A goblin skeleton (Ossuary)
  A jackal skeleton (D:7)
  11 kobolds
  3 kobold skeletons (Ossuary)
  5 orc skeletons
  A quokka skeleton (D:7)
  11 rats
  11 rat skeletons (Ossuary)
  4 fungi
  2 plants
1043 creatures vanquished.

Vanquished Creatures (others)
  An alligator (Swamp:1)
  A spiny frog (Swamp:3)
  6 fungi
  21 plants
  2 starspawn tentacles (Abyss:2)
31 creatures vanquished.

Grand Total: 1074 creatures vanquished

Notes
Turn   | Place    | Note
-------+----------+-------------------------------------------
     0 | D:1      | Klosterheim the Minotaur Fighter began the quest for the Orb.
     0 | D:1      | Reached XP level 1. HP: 19/19 MP: 0/0
   103 | D:1      | Reached XP level 2. HP: 21/26 MP: 1/1
   600 | D:1      | Reached XP level 3. HP: 31/31 MP: 2/2
   966 | D:2      | Found a runed door.
  1032 | D:2      | Noticed Jessica
  1040 | D:2      | Killed Jessica
  1040 | D:2      | Reached skill level 5 in Axes
  1122 | D:2      | Reached XP level 4. HP: 38/39 MP: 3/3
  1541 | D:2      | Noticed a centaur
  1552 | D:2      | Killed a centaur
  1552 | D:2      | Reached XP level 5. HP: 18/45 MP: 4/4
  1731 | D:2      | Noticed Crazy Yiuf
  1740 | D:2      | Killed Crazy Yiuf
  1922 | D:3      | Found an opulent altar of Gozag.
  2073 | D:3      | Found a stormy altar of Qazlal.
  2073 | D:3      | Found a basalt altar of Yredelemnul.
  2397 | D:4      | Reached XP level 6. HP: 51/51 MP: 5/5
  2862 | D:5      | Entered Level 5 of the Dungeon
  2862 | D:5      | Found a staircase to the Ecumenical Temple.
  2875 | D:5      | Got a slimy trident
  2876 | D:5      | Identified the +0 trident "Goblin's Doom" {flame, Int+4} (You found it on level 5 of the Dungeon)
  2899 | Temple   | Entered the Ecumenical Temple
  3008 | Temple   | Became a worshipper of Warmaster Okawaru
  3415 | D:5      | Got an iridescent flail
  3416 | D:5      | Identified the +2 flail of Xouban {speed, *Contam *Drain rElec Dex+10} (You found it on level 5 of the Dungeon)
  3467 | D:5      | Gained mutation: Your magical capacity is low. (-10% MP) [mutagenic glow]
  3759 | D:5      | Noticed anet's ghost (novice DEWz)
  3784 | D:5      | Killed anet's ghost
  3784 | D:5      | Reached skill level 10 in Axes
  3784 | D:5      | Reached XP level 7. HP: 40/57 MP: 5/5
  4002 | D:5      | Reached * piety under Okawaru
  4135 | D:6      | Reached XP level 8. HP: 67/67 MP: 6/6
  4280 | D:6      | Reached skill level 5 in Fighting
  4280 | D:6      | Reached skill level 5 in Armour
  4315 | D:6      | Found a shimmering altar of Xom.
  4323 | D:6      | Reached skill level 5 in Shields
  4731 | D:6      | Reached ** piety under Okawaru
  4857 | D:6      | Found an ancient bone altar of Kikubaaqudgha.
  4860 | D:6      | Found a snail-covered altar of Cheibriados.
  4944 | D:6      | Found Weutikluat's Antique Weapon Shop.
  5300 | D:7      | Found a shattered altar of Ashenzari.
  5598 | D:7      | Reached XP level 9. HP: 76/78 MP: 7/7
  5602 | D:7      | Reached *** piety under Okawaru
  5614 | D:7      | Found a sand-covered staircase.
  5622 | Ossuary  | Entered an ossuary
  7000 | D:7      | Reached **** piety under Okawaru
  7256 | D:8      | Noticed a two-headed ogre
  7333 | D:8      | Noticed Grum
  7472 | D:8      | Killed Grum
  7472 | D:8      | Reached XP level 10. HP: 86/88 MP: 5/8
  7696 | D:8      | Reached ***** piety under Okawaru
  7928 | D:8      | Found Aniczis's Distillery.
  7935 | D:8      | Bought a potion of berserk rage for 70 gold pieces
  8911 | D:8      | Found Aniczis's Distillery.
  9247 | D:8      | Noticed a two-headed ogre
  9254 | D:8      | Killed a two-headed ogre
  9661 | D:9      | Found a burning altar of Makhleb.
  9781 | D:9      | Noticed a wizard
  9790 | D:9      | Killed a wizard
  9863 | D:9      | Received a gift from Okawaru
  9870 | D:9      | Reached XP level 11. HP: 60/97 MP: 8/8
 10049 | D:9      | Noticed a two-headed ogre
 10055 | D:9      | Killed a two-headed ogre
 10238 | D:9      | Found a staircase to the Orcish Mines.
 10445 | D:9      | Noticed Erolcha
 10450 | D:9      | Killed Erolcha
 10450 | D:9      | Reached skill level 5 in Invocations
 10515 | D:9      | Noticed Psyche
 10524 | D:9      | Killed Psyche
 10524 | D:9      | Received a gift from Okawaru
 10527 | D:9      | Got an encrusted broad axe {god gift}
 10528 | D:9      | Identified the +6 broad axe of Defilement {venom, Dex+3} (Okawaru gifted it to you on level 9 of the Dungeon)
 10545 | D:9      | Reached ****** piety under Okawaru
 10791 | D:10     | Entered Level 10 of the Dungeon
 10895 | D:10     | Noticed Gastronok
 10907 | D:10     | Killed Gastronok
 10967 | D:10     | Noticed a two-headed ogre
 10973 | D:10     | Killed a two-headed ogre
 10985 | D:10     | Found a staircase to the Lair.
 11012 | Lair:1   | Entered Level 1 of the Lair of Beasts
 11197 | Lair:1   | Received a gift from Okawaru
 11197 | Lair:1   | Reached XP level 12. HP: 79/106 MP: 16/16
 11296 | Lair:1   | Reached skill level 10 in Fighting
 11600 | Lair:1   | Received a gift from Okawaru
 11831 | Lair:2   | Found a staircase to the Snake Pit.
 11838 | Lair:2   | Reached skill level 10 in Armour
 12008 | Lair:2   | Noticed a queen ant
 12119 | Lair:2   | Killed a queen ant
 12839 | Lair:3   | Found a labyrinth entrance.
 12913 | Lair:3   | Received a gift from Okawaru
 13173 | Lair:3   | Noticed Rhoefr's ghost (journeyman OpAs)
 13190 | Lair:3   | Killed Rhoefr's ghost
 13190 | Lair:3   | Reached XP level 13. HP: 118/119 MP: 10/17
 13598 | Lair:4   | Found a staircase to the Swamp.
 14584 | Lair:4   | Reached skill level 10 in Shields
 15203 | Lair:5   | Received a gift from Okawaru
 16220 | Lair:6   | Entered Level 6 of the Lair of Beasts
 17086 | Lair:6   | Noticed Graouh's ghost (journeyman MiFi)
 17223 | Lair:6   | Found a staircase to the Slime Pits.
 17225 | Lair:6   | Found a viscous altar of Jiyva.
 17239 | Lair:6   | Received a gift from Okawaru
 18000 | Lair:6   | Killed Graouh's ghost
 18000 | Lair:6   | Reached XP level 14. HP: 102/129 MP: 12/18
 18048 | Lair:6   | Reached skill level 15 in Shields
 18260 | Lair:6   | Noticed Vajrapani's ghost (journeyman DESu)
 18276 | Lair:6   | Killed Vajrapani's ghost
 18420 | Lair:6   | Got an ancient jade ring
 18431 | Lair:6   | Received a gift from Okawaru
 18462 | Lair:6   | Got a heavily runed crystal plate armour {god gift}
 18473 | Lair:6   | Identified the +3 crystal plate armour "Xululum" {Int+4} (Okawaru gifted it to you on level 6 of the Lair of Beasts)
 18495 | Lair:6   | Identified the ring of Mistrust {rElec rC+ Dex+3} (You found it on level 6 of the Lair of Beasts)
 19058 | Orc:1    | Entered Level 1 of the Orcish Mines
 19409 | Orc:2    | Entered Level 2 of the Orcish Mines
 19496 | Orc:2    | Found a roughly hewn altar of Beogh.
 19599 | Orc:2    | Noticed a stone giant
 19610 | Orc:2    | Killed a stone giant
 19611 | Orc:2    | Found a roughly hewn altar of Beogh.
 19705 | Orc:2    | Found a roughly hewn altar of Beogh.
 19706 | Orc:2    | Found Kavaux's Armour Boutique.
 19788 | Orc:2    | Noticed an orc warlord
 19853 | Orc:2    | Killed an orc warlord
 19853 | Orc:2    | Reached skill level 15 in Armour
 19933 | Orc:2    | Found a roughly hewn altar of Beogh.
 20027 | Orc:2    | Found a staircase to the Elven Halls.
 20142 | Orc:2    | Noticed Saint Roka
 20699 | Orc:2    | Noticed Maurice
 20710 | Orc:2    | Killed Maurice
 20784 | Orc:2    | Noticed an orc warlord
 20834 | Orc:2    | Killed an orc warlord
 21089 | Orc:2    | Killed Saint Roka
 21377 | Orc:2    | Found Gevaec's Antique Armour Shoppe.
 21378 | Orc:2    | Found a roughly hewn altar of Beogh.
 21379 | Orc:2    | Found Caifoica's Antique Weapon Emporium.
 21409 | Orc:2    | Paralysed by an orc sorcerer for 4 turns
 21419 | Orc:2    | Reached XP level 15. HP: 135/135 MP: 18/18
 21435 | Orc:2    | Found a roughly hewn altar of Beogh.
 21629 | Orc:2    | Found a roughly hewn altar of Beogh.
 21630 | Orc:2    | Found Xustac's Food Emporium.
 21890 | D:11     | Found a large runed door.
 21890 | D:11     | Found a large runed door.
 21905 | D:11     | Found a large runed door.
 21905 | D:11     | Found a large runed door.
 21981 | D:11     | Gained mutation: Your system is resistant to poisons. (rPois) [potion of beneficial mutation]
 22285 | D:11     | Noticed Nergalle
 22297 | D:11     | Killed Nergalle
 22915 | D:12     | Received a gift from Okawaru
 23058 | D:12     | Found Daapocwa's Magic Scroll Shoppe.
 23066 | D:12     | Bought a scroll of teleportation for 36 gold pieces
 23066 | D:12     | Bought a scroll of fear for 42 gold pieces
 23066 | D:12     | Bought a scroll of teleportation for 36 gold pieces
 23066 | D:12     | Bought a scroll of holy word for 90 gold pieces
 23066 | D:12     | Bought a scroll of teleportation for 36 gold pieces
 23420 | D:13     | Found a gate to the Vaults.
 23507 | D:13     | You fall through a shaft for 2 floors!
 23507 | D:15     | Entered Level 15 of the Dungeon
 23507 | D:15     | Found a staircase to the Depths.
 23507 | D:15     | Noticed a fire giant
 23519 | D:15     | Killed a fire giant
 24006 | D:15     | Gained mutation: You are resistant to electric shocks. (rElec) [potion of beneficial mutation]
 24171 | D:15     | Noticed Josephine
 24178 | D:15     | Killed Josephine
 24441 | D:14     | Received a gift from Okawaru
 24681 | D:14     | Reached skill level 15 in Fighting
 25222 | D:13     | Found Bus Desm's Antique Weapon Shoppe.
 25984 | Swamp:1  | Entered Level 1 of the Swamp
 26114 | Swamp:1  | Reached XP level 16. HP: 149/149 MP: 19/19
 26149 | Swamp:1  | Received a gift from Okawaru
 26397 | Swamp:1  | Noticed Louise
 26407 | Swamp:1  | Cast into level 2 of the Abyss (Louise)
 26456 | Abyss:2  | Noticed a tentacled starspawn
 26461 | Abyss:2  | Killed a tentacled starspawn
 26651 | Abyss:2  | Noticed an Executioner
 26662 | Abyss:2  | Killed an Executioner
 26678 | Abyss:2  | Gained mutation: Your spells are a little easier to cast, but a little less powerful. [a neqoxec]
 26696 | Swamp:1  | Escaped the Abyss
 26702 | Swamp:1  | Killed Louise
 27145 | Swamp:1  | You fall through a shaft!
 28059 | Swamp:2  | Received a gift from Okawaru
 28484 | Swamp:3  | Received a gift from Okawaru
 28487 | Swamp:3  | Paralysed by a hornet for 2 turns
 28799 | Swamp:4  | Entered Level 4 of the Swamp
 28988 | Swamp:4  | Noticed Donald
 29006 | Swamp:4  | Killed Donald
 29927 | Swamp:4  | Received a gift from Okawaru
 30002 | Swamp:4  | Reached skill level 1 in Evocations
 30158 | Swamp:4  | Reached XP level 17. HP: 161/161 MP: 20/20
 30185 | Swamp:4  | HP: 1/161 [nine-headed hydra (13)]
 30185 | Swamp:4  | Mangled by a nine-headed hydra

Vault maps used:
D:1:      lemuel_arrival_room, hex_intersection, minmay_lizard_king
D:2:      uniq_crazy_yiuf_cottage, uniq_jessica
D:3:      marbit_many_paths, gammafunk_temple_overflow_wave, first_bread
D:5:      minmay_temple_entry_overgrown
D:6:      nicolae_overflow_crystal_walls, grunt_temple_overflow_open,
          serial_shops, nicolae_shop_crystal
D:7:      ashenzari_conservatory_becter, nicolae_ossuary_entry_catacombs
D:8:      minmay_ornate_pinched, serial_shops, nicolae_shop_crystal, uniq_grum
D:9:      old_standard_altar, erik_orc_1, grunt_livestock, uniq_psyche,
          uniq_erolcha
D:10:     erik_lair_orcish_takeover, uniq_gastronok
D:11:     minmay_hollow_rounded_squares, uniq_nergalle
D:12:     minmay_shoctagon, serial_shops, shop
D:13:     erik_vaults_2, serial_shops, nicolae_shop_stone,
          minmay_misc_feat_pillars
D:14:     serial_park_tiny_pond, serial_co_window_serial, co_window_corner_a,
          co_window_paths_a, co_window_corner_a, co_window_corner_a,
          co_window_corner_a, co_window_of_opportunity_a, co_window_corner_a,
          co_window_corner_cb, co_window_of_opportunity_c, co_window_corner_b,
          co_window_broadway_c, co_window_4corner_a, glass_columns_c,
          glass_columns_b
D:15:     grunt_enter_depths_giant_problem, minmay_misc_feat_ornament,
          uniq_josephine
Temple:   nicolae_temple_figure_eight
Lair:1:   nicolae_lair_grove_arrangements
Lair:2:   dummy_snake_entry, minmay_another_anthill
Lair:3:   lab_entry_generic, st_stairs_8, grunt_megastairs_2
Lair:4:   minmay_swamp_entry_swarm, serial_bayou_pond_a, grunt_megastairs_4
Lair:5:   minmay_stone_trees_small
Lair:6:   gammafunk_lair_ancient_temple, slime_altar_1
Swamp:1:  evilmike_swamp_ruin_house_5, uniq_louise
Swamp:2:  cheibrodos_swamp_heart_of_darkness, nicolae_swamp_very_dense_foliage,
          swamp_pool1
Swamp:3:  evilmike_swamp_ruin_wall, swamp_pool1, infiniplex_staircase_pool
Swamp:4:  swamp, swamp_pool1, nicolae_swamp_triple_paths, lightli_tree_ring,
          uniq_donald
Orc:1:    nicolae_orc_accident_1
Orc:2:    grunt_orc_community_town_hall, grunt_orc_community_big_house_1,
          grunt_orc_community_big_house_1, grunt_orc_community_house_3,
          grunt_orc_community_house_2, grunt_orc_community_house_2,
          grunt_orc_community_house_2, grunt_orc_community_house_2,
          grunt_orc_community_house_2, nicolae_orc_lost_temple, uniq_maurice
Ossuary:  ossuary_due_small_catacomb

Skill      XL: |  1  2  3  4  5  6  7  8  9 10 11 12 13 14 15 16 |
---------------+-------------------------------------------------+-----
Axes           | 3 4 5 6 7 10 12 14 | 14.2
Fighting       | 4 6 8 9 12 13 15 17 | 17.0
Armour         | 4 6 8 12 16 17 18 | 18.5
Shields        | 4 6 8 9 14 16 17 18 | 18.6
Invocations    | 9 |  9.5
Evocations     | 1 |  1.7

Action                   |  1- 3 |  4- 6 |  7- 9 | 10-12 | 13-15 | 16-18 || total
-------------------------+-------+-------+-------+-------+-------+-------++-------
Melee: War axe           |    75 |   144 |   289 |   279 |       |       ||   787
       Headbutt          |     8 |    20 |    47 |   120 |   336 |   154 ||   685
       Broad axe         |       |       |       |   268 |  1363 |   569 ||  2200
Invok: Heroism           |       |       |     3 |     9 |    23 |     6 ||    41
       Finesse           |       |       |       |     4 |    13 |     1 ||    18
  Use: Potion            |       |     3 |       |     3 |     4 |     5 ||    15
       Scroll            |       |    14 |     8 |     7 |    12 |     8 ||    49
 Stab: Distracted        |       |       |       |       |       |     1 ||     1
       Invisible         |       |       |       |       |       |     1 ||     1
  Eat: Chunk             |     1 |     8 |     6 |    16 |    41 |    10 ||    82
       Bread ration      |       |       |     2 |     1 |       |       ||     3
       Royal jelly       |       |       |     1 |       |       |       ||     1
       Meat ration       |       |       |       |     3 |       |       ||     3
       Fruit             |       |       |       |       |     2 |     5 ||     7
Armor: Scale mail        |    26 |       |       |       |       |       ||    26
       Chain mail        |     8 |     2 |       |       |       |       ||    10
       Plate armour      |       |    71 |   158 |   198 |   141 |       ||   568
       Skin              |       |     3 |       |     8 |       |       ||    11
       Crystal plate arm |       |       |       |       |   447 |   679 ||  1126
Dodge: Dodged            |    12 |    37 |    46 |    88 |   158 |   171 ||   512
Block: Shield            |    27 |    72 |   139 |   216 |    27 |       ||   481
       Large shield      |       |       |       |       |  1177 |   887 ||  2064
